 Dungeon Crawl Stone Soup version 0.19-a0-944-gb338e1e (webtiles) character file.

54 matakusis the Ducker (level 3, 0/42 HPs)
             Began as a Demonspawn Gladiator on July 9, 2016.
             Slain by an adder (2 damage)
             ... on level 2 of the Dungeon.
             The game lasted 00:03:55 (1602 turns).

matakusis the Ducker (Demonspawn Gladiator)         Turns: 1602, Time: 00:03:56

Health: 0/42       AC:  4    Str: 20    XL:     3   Next: 66%
Magic:  3/3        EV: 13    Int:  9    God:
Gold:   65         SH:  0    Dex: 14    Spells: 0 memorised, 2 levels left

rFire  . . .     SeeInvis .     a - +0 long sword
rCold  . . .     Gourm    .     b - +0 leather armour
rNeg   . . .     Faith    .     (no shield)
rPois  .         Spirit   .     c - +0 helmet
rElec  .         Dismiss  .     (no cloak)
rCorr  .         Reflect  .     (no gloves)
SustAt .         Harm     .     (no boots)
MR     .....                    m - amulet of rage
Stlth  ..........               (no ring)
                                (no ring)

@: berserking, lethally poisoned (0 -> -2), very quick, not resistant to hostile
enchantments, extremely unstealthy
A: hooves 1
a: Evoke Berserk Rage


You were on level 2 of the Dungeon.
You were not hungry.

You visited 1 branch of the dungeon, and saw 2 of its levels.

You collected 65 gold pieces.

Inventory:

Hand Weapons
 a - a +0 long sword (weapon)
Missiles
 d - 3 throwing nets (quivered)
Armour
 b - a +0 leather armour (worn)
 c - a +0 helmet (worn)
Jewellery
 m - an amulet of rage (around neck)
Wands
 n - a wand of acid (7/15)
Scrolls
 i - a scroll of identify {unknown}
 l - a scroll of recharging {unknown}
Potions
 e - a potion of lignification {unknown}
Comestibles
 f - a bread ration
 h - 2 meat rations
 j - a beef jerky
 k - a royal jelly


   Skills:
 * Level 2.3 Fighting
 + Level 3.1 Long Blades
 - Level 1.7 Throwing
 + Level 1.0 Armour
 * Level 3.5 Dodging


You had 2 spell levels left.
You didn't know any spells.

Dungeon Overview and Level Annotations

Branches:
Dungeon (2/15)

Altars:
Okawaru
Ru


Innate Abilities, Weirdness & Mutations

You have large cloven feet.


Message History

An adder comes into view.
Things that are here:
a mace of crushing; a plate armour; 2 scrolls labeled KUTODILEMO You barely miss the adder.
Your kick misses the adder. The adder bites you.
* * * LOW HITPOINT WARNING * * *
The adder bites you.
* * * LOW HITPOINT WARNING * * *
You fail to use your ability.
The adder bites you but does no damage.
You fail to use your ability.
The adder bites you.
* * * LOW HITPOINT WARNING * * *
You fail to use your ability.
The adder bites you.
* * * LOW HITPOINT WARNING * * *
You are lethally poisoned!
The adder poisons you!
A red film seems to cover your vision as you go berserk!
You feel yourself moving faster!
You feel mighty!
You feel sick. The adder bites you but does no damage. The adder bites you.
* * * LOW HITPOINT WARNING * * *
You completely miss the adder. Your kick misses the adder. The adder bites you.
You die...

....###...## #.....####
..........# #......... .
#.).).#..# ###....... ..
#.._..##.# #.......
...#.).).#..#####.......
........................
#...###..†..<..........
#....#.................
#..S@.#'#############
#...#...#.# ### #...#.#
.....#.# #####.#.# ....#
#...# ...


You could see an adder.

Vanquished Creatures
  2 adders (D:2)
  A worm (D:2)
  A giant gecko (D:1)
  2 giant cockroaches
  4 goblins
  3 hobgoblins (D:1)
  6 kobolds
  A quokka (D:2)
  4 bats (D:1)
  6 rats
30 creatures vanquished.

Notes
Turn   | Place    | Note
-------+----------+-------------------------------------------
     0 | D:1      | matakusis the Demonspawn Gladiator began the quest for the Orb.
     0 | D:1      | Reached XP level 1. HP: 16/16 MP: 1/1
   497 | D:1      | Gained mutation: You have large cloven feet. [demonic ancestry]
   497 | D:1      | Reached XP level 2. HP: 22/22 MP: 2/2
  1065 | D:2      | Reached XP level 3. HP: 28/28 MP: 3/3
  1108 | D:2      | Found a sacrificial altar of Ru.
  1354 | D:2      | Reached skill level 1 in Armour
  1583 | D:2      | Found an iron altar of Okawaru.
  1601 | D:2      | HP: 2/42 [adder (1)]
  1602 | D:2      | Slain by an adder

Vault maps used:
D:1:      onia_arrival_pentagram
D:2:      nicolae_ru_awakened_eye, lemuel_doored_altar,
          okawaru_ov_weapons_minmay

Skill      XL: |  1  2  3 |
---------------+----------+-----
Dodging        | 3 |  3.5
Long Blades    | 3 |  3.1
Armour         | 1 |  1.0
Fighting       | |  2.3
Throwing       | |  1.7

Action                   || total
-------------------------++-------
Melee: Long sword        ||   113
       Kick              ||    25
Throw: Throwing net      ||     1
 Abil: Evoke Berserk Rag ||     2
 Stab: Held in net/web   ||     1
  Eat: Chunk             ||     3
Armor: Leather armour    ||    32
Dodge: Dodged            ||    65
